 Dungeon Crawl Stone Soup version 0.29.1-4-g47bece8355 (webtiles) character file.

Game seed: 6392425943088059019

11 Jwoods19 the Slasher (level 2, -3/29 HPs)
             Began as a Gnoll Cinder Acolyte on Dec 11, 2022.
             Was a High Priest of Ignis.
             Slain by an ufetubus (4 damage)
             ... on level 4 of the Dungeon.
             The game lasted 00:04:31 (442 turns).

Jwoods19 the Slasher (Gnoll Cinder Acolyte)          Turns: 442, Time: 00:04:32

Health: -3/29      AC:  0    Str: 13    XL:     2   Next: 29%
Magic:  5/5        EV: 11    Int: 13    God:    Ignis [*****.]
Gold:   42         SH:  0    Dex:  7    Spells: 6/6 levels left

rFire   + . .      SeeInvis .   c - +1 dagger (speed)
rCold   . . .      Faith    .   (no shield)
rNeg    . . .      Spirit   .   b - +0 robe
rPois   .          Reflect  .   d - +0 helmet
rElec   .          Harm     .   (no cloak)
rCorr   .          Rampage  .   (no gloves)
Will    .....                   (no boots)
Stlth   +.........              (no amulet)
HPRegen 0.09/turn               (no ring)
MPRegen 0.09/turn               (no ring)

@: corroded
A: fangs 1, strong nose, distributed training
a: Renounce Religion, Fiery Armour, Foxfire Swarm, Rising Flame


You were on level 4 of the Dungeon.
You worshipped Ignis.
Ignis was extremely pleased with you.
You visited 1 branch of the dungeon, and saw 4 of its levels.

You collected 42 gold pieces.

Inventory:

Hand Weapons
 a - a -1 falchion of flaming
 c - a +1 dagger of speed (weapon)
Armour
 b - a +0 robe (worn)
 d - a +0 helmet (worn)
Scrolls
 e - a scroll of silence {unknown}
 f - a scroll of fog {unknown}
 h - a scroll of noise {unknown}
 i - a scroll of teleportation {unknown}
 j - a scroll of immolation {unknown}
Potions
 g - a potion of brilliance {unknown}


   Skills:
 + Level 6.5 Fighting
 + Level 0.4 Short Blades
 + Level 6.5 Long Blades
 + Level 0.4 Axes
 + Level 0.4 Maces & Flails
 + Level 0.4 Polearms
 + Level 0.4 Staves
 + Level 0.4 Ranged Weapons
 + Level 0.4 Throwing
 + Level 0.4 Armour
 + Level 0.4 Dodging
 + Level 0.4 Stealth
 + Level 0.4 Shields
 + Level 0.4 Unarmed Combat
 + Level 2.7 Spellcasting
 + Level 0.2 Conjurations
 + Level 0.2 Hexes
 + Level 0.2 Summonings
 + Level 0.2 Necromancy
 + Level 0.2 Translocations
 + Level 0.2 Transmutations
 + Level 5.3 Fire Magic
 + Level 0.2 Ice Magic
 + Level 0.2 Air Magic
 + Level 0.2 Earth Magic
 + Level 0.2 Poison Magic
 + Level 0.5 Invocations
 + Level 0.4 Evocations


You had 6 spell levels left.
You didn't know any spells.
Your spell library contained the following spells:

 Spells                   Type           Power      Damage    Failure   Level
 Scorch                   Fire           30%        2d6       4%          2


Dungeon Overview and Level Annotations

Branches:
Dungeon (4/15)
 Temple: D:4-7

Altars:


Innate Abilities, Weirdness & Mutations

You have very sharp teeth.
Your uncanny sense of smell can sniff out nearby items.
Your experience applies equally to all skills.


Message History

j - a scroll labelled TUNNOB XODYKH You now have 42 gold pieces (gained 6).
Really walk into that teleport trap? [Y]es or [N]o only, please.
Really walk into that teleport trap?
Okay, then.
Found an escape hatch in the floor.
There is an escape hatch in the floor here.
You slide downwards.
The hatch slams shut behind you.
The jelly quivers.
Found a bubbling pink potion.
You hit the jelly. The acid corrodes you!
Your hands burn!
You bite the jelly.
The jelly is moderately wounded.
You hit the jelly but do no damage.
Your hands burn!
The jelly is moderately wounded.
The jelly hits you.
You are splashed with acid!
An ufetubus and a kobold come into view.
The ufetubus shouts!
You hear an angry hiss.
You hear a shout! x2
The kobold shouts!
An iguana comes into view.
The jelly barely misses you.
A goblin comes into view. It is wielding a +0 club.
The goblin shouts!
An orc priest comes into view. It is wielding a +0 club.
The orc priest shouts!
You hear a shout! x2
The ufetubus completely misses you. The ufetubus barely misses you.
An orc comes into view. It is wielding a +0 hand axe.
An orc comes into view. It is wielding a +0 club.
The orc shouts! x2
The ufetubus barely misses you. The ufetubus closely misses you.
An orc comes into view. It is wielding a +0 club.
The ufetubus attacks as you move away! The ufetubus hits you. x2
The jelly attacks as you move away! The jelly hits you.
* * * LOW HITPOINT WARNING * * *
You are splashed with acid!
* * * LOW HITPOINT WARNING * * *
An orc comes into view. It is wielding a +0 trident.
The orc shouts! x2
The ufetubus hits you.
You die...

##+######
#.......#
#.......##
#.!......#
#........#
#....J...#
.###..K5...###
.......@.l...#
.......g.....#
.............#
.......o.....#
......o......#
......o......#
....o........#
.....o.......#


You could see an iguana, a jelly, an orc priest, 4 orcs, an ufetubus, a goblin
and a kobold.

Vanquished Creatures
  2 endoplasms (D:1)
  A giant cockroach (D:1)
  A goblin (D:2)
  A quokka (D:1)
  A ball python (D:2)
  A frilled lizard (D:2)
  2 kobolds
  2 rats
11 creatures vanquished.

Notes
Turn   | Place    | Note
-------+----------+-------------------------------------------
     0 | D:1      | Jwoods19 the Gnoll Cinder Acolyte began the quest for the
                  | Orb.
     0 | D:1      | Reached XP level 1. HP: 23/23 MP: 4/4
   141 | D:1      | Found a faded altar of an unknown god.
   194 | D:1      | Reached XP level 2. HP: 22/29 MP: 5/5
   442 | D:4      | HP: 1/29 [acid (7)]
   442 | D:4      | Slain by an ufetubus

Illustrated notes

Levels and vault maps discovered:
D:1:      arrival_zaba_pyramid, layout_rooms,
          hellmonk_ecumenical_altar_pennies_from_heaven
D:2:      layout_loops_ring, basic_altar, uniq_natasha
D:3:      layout_rooms, mainiacjoe_overflow_tiny_flanked
D:4:      layout_basic, mainiacjoe_overflow_surrounded_room,
          minmay_temple_entry_nine_rooms, serial_shops, nicolae_diamond_shop,
          shop, shop, nicolae_shop_temple_entry_statues_fountains

Action                   || total
-------------------------++-------
Melee: Dagger            ||    57
       Bite              ||     8
 Stab: Sleeping          ||     1
Armor: Robe              ||     3
Dodge: Dodged            ||    25
